 Dungeon Crawl Stone Soup version 0.23-a0-622-g59b4ea9 (webtiles) character file.

165 tilp the Chiller (level 5, -5/37 HPs)
             Began as a Merfolk Ice Elementalist on Dec 23, 2018.
             Slain by Blork the orc
             ... wielding a +0 halberd
              (11 damage)
             ... on level 4 of the Dungeon.
             The game lasted 00:11:27 (2943 turns).

tilp the Chiller (Merfolk Ice Elementalist)         Turns: 2943, Time: 00:11:28

Health: -5/37      AC:  4    Str:  8    XL:     5   Next: 46%
Magic:  8/8        EV: 18    Int: 15    God:
Gold:   122        SH:  0    Dex: 20    Spells: 2/8 levels left

rFire    . . .     SeeInvis .   a - +1 dagger (venom)
rCold    . . .     Gourm    .   (no shield)
rNeg     . . .     Faith    .   k - +0 leather armour
rPois    .         Spirit   .   o - +0 helmet
rElec    .         Reflect  .   (no cloak)
rCorr    .         Harm     .   (no gloves)
MR       .....                  (no boots)
Stlth    ++........             m - amulet of magic regeneration
HPRegen  0.12/turn              (no ring)
MPRegen  0.36/turn              (no ring)

@: confused, agile, lethally poisoned (-5 -> -7), very slightly contaminated,
invisible (expiring)
A: change form in water, swift swim, stealthy swim
a: no special abilities


You were on level 4 of the Dungeon.
You were very hungry.

You visited 1 branch of the dungeon, and saw 4 of its levels.

You collected 122 gold pieces.

Inventory:

Hand Weapons
 a - a +1 dagger of venom (weapon)
 b - a +0 hunting sling
 r - a +0 spear
 s - a +1 trident of venom
Missiles
 d - 33 sling bullets
 e - 9 poisoned needles
 h - 196 stones
 i - 2 javelins
 w - 2 tomahawks (quivered)
Armour
 k - a +0 leather armour (worn)
 o - a +0 helmet (worn)
 t - a +0 buckler
 y - a +2 pair of boots of stealth
Jewellery
 m - an amulet of magic regeneration (around neck)
 u - an uncursed ring of see invisible
Scrolls
 f - a scroll of amnesia
 g - a scroll of fog {unknown}
 j - 3 scrolls of remove curse
 p - a scroll of blinking {unknown}
 x - a scroll of teleportation {unknown}
Potions
 q - a potion of ambrosia
Comestibles
 c - 10 rations


   Skills:
 + Level 1.1 Fighting
 + Level 3.2 Dodging
 - Level 2.1 Stealth
 - Level 2.0 Spellcasting
 - Level 0.7 Conjurations
 - Level 6.2 Ice Magic


You had 2 spell levels left.
You knew the following spells:

 Your Spells              Type           Power        Failure   Level  Hunger
a - Freeze                Ice            ###.         2%          1    #......
b - Throw Frost           Conj/Ice       ##....       12%         2    ###....
c - Ozocubu's Armour      Chrm/Ice       ##......     26%         3    ###....

Your spell library contained the following spells:

 Spells                   Type           Power        Failure   Level  Hunger
 Throw Icicle             Conj/Ice       ##......     61%         4    #####..
 Summon Ice Beast         Ice/Summ       ##......     65%         4    #####..


Dungeon Overview and Level Annotations

Branches:
Dungeon (4/15)
 Temple: D:4-7

Altars:

Annotations:
D:4 Blork the orc


Message History

Your Fighting skill increases to level 1!
Your Dodging skill increases to level 3!
Blork the orc casts a spell at you. The puff of frost misses you.
Blork the orc misses you.
Casting: Freeze (safe; 2% risk of failure)
Confirm with . or Enter, or press ? or * to list all spells.
Aiming: Freeze (safe; 2% risk of failure)
Press: ? - help, Shift-Dir - straight line, f/p - Blork the orc
Aim: Blork the orc, wielding a +0 halberd and wearing a +2 robe of magic You freeze Blork the orc.
Blork the orc is heavily wounded.
You flicker for a moment.
You feel sick. Blork the orc casts a spell at you. The magic dart hits you!
* * * LOW HITPOINT WARNING * * *
You are confused.
You feel invigorated. Blork the orc barely misses you.
Blork the orc hits you with a +0 halberd!
You die...

#################
#...............#
#......†@.......#
#......o........#
####'##+###########
#..s..# #.....#
#.....# #.....#
#######.....#+##
#..............##


You could see Blork the orc.

Vanquished Creatures
  A scorpion (D:4)
  An orc wizard (D:3)
  5 adders
  An ooze (D:2)
  A worm (D:2)
  2 leopard geckos (D:2)
  6 orcs
  A giant cockroach (D:2)
  5 goblins
  5 hobgoblins
  8 jackals
  6 bats
  4 frilled lizards
  3 kobolds
  5 rats
54 creatures vanquished.

Notes
Turn   | Place    | Note
-------+----------+-------------------------------------------
     0 | D:1      | tilp the Merfolk Ice Elementalist began the quest for the
                  | Orb.
     0 | D:1      | Reached XP level 1. HP: 13/13 MP: 3/3
   375 | D:1      | Reached XP level 2. HP: 19/19 MP: 1/5
   587 | D:1      | Reached skill level 4 in Ice Magic
   787 | D:1      | Learned a level 2 spell: Throw Frost
  1006 | D:2      | Reached XP level 3. HP: 22/24 MP: 3/6
  1011 | D:2      | Learned a level 3 spell: Ozocubu's Armour
  1369 | D:2      | Reached skill level 5 in Ice Magic
  1444 | D:2      | Reached XP level 4. HP: 30/30 MP: 2/7
  2548 | D:3      | Reached skill level 6 in Ice Magic
  2548 | D:3      | Reached XP level 5. HP: 21/35 MP: 2/8
  2907 | D:4      | Noticed Blork the orc
  2941 | D:4      | Reached skill level 1 in Fighting
  2943 | D:4      | Slain by Blork the orc

Vault maps used:
D:1:      dpeg_arrival_round_c
D:2:      first_ration
D:4:      marbit_many_paths, minmay_temple_entry_glass,
          gup_ossuary_entry_pyramid, uniq_blork_the_orc

Skill      XL: |  1  2  3  4  5 |
---------------+----------------+-----
Ice Magic      | 4 5 6 |  6.2
Fighting       | 1 |  1.1
Dodging        | 3 |  3.2
Stealth        | |  2.1
Spellcasting   | |  2.0
Conjurations   | |  0.7

Action                   |  1- 3 |  4- 6 || total
-------------------------+-------+-------++-------
Melee: Unarmed           |     1 |       ||     1
       Dagger            |    38 |    65 ||   103
Throw: Stone             |     1 |       ||     1
       Javelin           |     1 |     1 ||     2
 Cast: Freeze            |    26 |    13 ||    39
       Throw Frost       |     4 |     9 ||    13
  Use: Scroll            |       |     4 ||     4
       Potion            |       |     4 ||     4
 Stab: Sleeping          |     3 |     1 ||     4
       Invisible         |       |     1 ||     1
  Eat: Chunk             |     2 |     5 ||     7
Armor: Robe              |     3 |       ||     3
       Leather armour    |     3 |    25 ||    28
Dodge: Dodged            |    31 |    69 ||   100

Table legend:
 A = Non-vault XP
 B = Vault XP
 C = Vault XP percentage of total XP
 D = Non-vault monster count
 E = Vault monster count
 F = Vault count percentage of total count
                 A         B        C        D         E       F
            +---------+---------+-------+---------+---------+-------
      Total |     237 |       0 |   0.0 |      54 |       0 |   0.0
            +---------+---------+-------+---------+---------+-------
        D:1 |      17 |       0 |   0.0 |      12 |       0 |   0.0
        D:2 |      81 |       0 |   0.0 |      20 |       0 |   0.0
        D:3 |      88 |       0 |   0.0 |      19 |       0 |   0.0
        D:4 |      51 |       0 |   0.0 |       3 |       0 |   0.0
            +---------+---------+-------+---------+---------+-------
